 Dungeon Crawl Stone Soup version 0.24-a0-445-gd5110b030a (webtiles) character file.

Game seed: 8264012700125294982

34897 Krouwed the Severer (level 13, -2/119 HPs)
             Began as a Hill Orc Fighter on June 21, 2019.
             Was a High Priest of Makhleb.
             Slain by a catoblepas (13 damage)
             ... on level 5 of the Lair of Beasts on June 22, 2019.
             The game lasted 01:27:54 (16552 turns).

Krouwed the Severer (Hill Orc Fighter)             Turns: 16552, Time: 01:27:54

Health: -2/119     AC: 20    Str: 23    XL:     13   Next: 80%
Magic:  19/19      EV:  7    Int:  9    God:    Makhleb [*****.]
Gold:   796        SH: 18    Dex: 10    Spells: 12/12 levels left

rFire    . . .     SeeInvis .   w - +2 hand axe (venom)
rCold    . . .     Gourm    .   T - +0 large shield
rNeg     + . .     Faith    .   U - +1 scale mail "Cotifebba" {Slay+3}
rPois    +         Spirit   .   a - +2 hat {MR+}
rElec    .         Reflect  .   F - +2 cloak
rCorr    .         Harm     .   M - +0 pair of gloves
MR       +....                  I - +2 pair of boots
Stlth    ..........             (no amulet)
HPRegen  0.29/turn              W - ring of poison resistance
MPRegen  0.16/turn              P - ring of positive energy

@: very slightly contaminated
A: no striking features
a: Minor Destruction, Lesser Servant of Makhleb, Major Destruction, Greater
Servant of Makhleb, Renounce Religion


You were on level 5 of the Lair of Beasts.
You worshipped Makhleb.
Makhleb was extremely pleased with you.
You were not hungry.

You visited 3 branches of the dungeon, and saw 18 of its levels.

You collected 1016 gold pieces.
You spent 220 gold pieces at shops.

Inventory:

Hand Weapons
 w - a +2 hand axe of venom (weapon)
 A - a +1 mace of draining
Missiles
 e - 58 poisoned darts (quivered)
Armour
 a - a +2 hat of magic resistance (worn)
 y - a +2 chain mail of magic resistance
 F - a +2 cloak (worn)
 I - a +2 pair of boots (worn)
 M - a +0 pair of gloves (worn)
 T - a +0 large shield (worn)
 U - the +1 scale mail "Cotifebba" (worn) {Slay+3}
   (You found it on level 11 of the Dungeon)

   It affects your accuracy and damage with ranged weapons and melee attacks
   (+3).
Jewellery
 P - a ring of positive energy (right hand)
 W - a ring of poison resistance (left hand)
Wands
 c - a wand of clouds (6)
 d - a wand of iceblast (5)
 k - a wand of flame (32)
 q - a wand of enslavement (13)
 t - a wand of polymorph (7)
 z - a wand of paralysis (15)
 B - a wand of random effects (32)
 X - a wand of digging (4)
Scrolls
 b - 4 scrolls of blinking {unknown}
 h - 4 scrolls of immolation
 i - 9 scrolls of teleportation
 j - 3 scrolls of enchant weapon {unknown}
 l - 4 scrolls of remove curse
 o - 2 scrolls of fear {unknown}
 p - 2 scrolls of magic mapping {unknown}
 u - a scroll of summoning {unknown}
 v - 3 scrolls of random uselessness {unknown}
 D - a scroll of amnesia {unknown}
 E - 6 scrolls of fog {unknown}
 G - a scroll of acquirement {unknown}
 H - 3 scrolls of noise {unknown}
 J - a scroll of torment {unknown}
 K - 4 scrolls of enchant armour {unknown}
Potions
 g - 5 potions of brilliance
 m - a potion of resistance
 n - 3 potions of curing
 s - a potion of ambrosia {unknown}
 x - a potion of haste
 O - a potion of lignification {unknown}
 Q - a potion of cancellation {unknown}
 R - 2 potions of flight {unknown}
 S - a potion of berserk rage {unknown}
 V - a potion of degeneration {unknown}
 Z - 5 potions of magic
Miscellaneous
 C - a lightning rod (1/4)
 L - a box of beasts
 N - a fan of gales
Comestibles
 f - 27 rations
 Y - 6 chunks of flesh


   Skills:
 + Level 12.8 Fighting
 - Level 16.0 Axes
 + Level 11.9 Armour
 + Level 11.9 Shields
 + Level 9.1 Invocations


You had 12 spell levels left.
You didn't know any spells.
Your spell library contained the following spells:

 Spells                   Type           Power        Failure   Level  Hunger
 Apportation              Tloc           #.....       99%         1    ##.....
 Confusing Touch          Hex            #.....       99%         1    ##.....
 Corona                   Hex            #......      99%         1    ##.....
 Freeze                   Ice            #...         99%         1    ##.....
 Magic Dart               Conj           #...         99%         1    ##.....
 Sandblast                Erth           #.....       99%         1    ##.....
 Ensorcelled Hibernation  Hex/Ice        #.....       100%        2    ###....
 Passwall                 Tmut/Erth      #.......     100%        2    ###....
 Searing Ray              Conj           #.....       100%        2    ###....
 Throw Frost              Conj/Ice       #.....       100%        2    ###....
 Confuse                  Hex            #.......     100%        3    ####...
 Dazzling Spray           Conj/Hex       #.....       100%        3    ####...
 Gell's Gravitas          Tloc           #.........   100%        3    ####...
 Ozocubu's Armour         Chrm/Ice       #.......     100%        3    ####...
 Portal Projectile        Hex/Tloc       #.....       100%        3    ####...
 Stone Arrow              Conj/Erth      #.....       100%        3    ####...
 Tukima's Dance           Hex            #.......     100%        3    ####...
 Cause Fear               Hex            #.........   100%        4    #####..
 Force Lance              Conj/Tloc      #.......     100%        4    #####..
 Fulminant Prism          Conj/Hex       #.........   100%        4    #####..
 Iskenderun's Mystic Bla  Conj           #.......     100%        4    #####..
 Passage of Golubria      Tloc           N/A          100%        4    #####..
 Petrify                  Tmut/Erth      #.......     100%        4    #####..
 Summon Ice Beast         Ice/Summ       #.......     100%        4    #####..
 Throw Icicle             Conj/Ice       #.......     100%        4    #####..
 Lee's Rapid Deconstruct  Erth           #.........   100%        5    ######.
 Metabolic Englaciation   Hex/Ice        #.........   100%        5    ######.
 Yara's Violent Unravell  Hex/Tmut       #.........   100%        5    ######.
 Disjunction              Tloc           #.........   100%        8    #######


Dungeon Overview and Level Annotations

Branches:
Dungeon (11/15)            Temple (1/1) D:4            Lair (6/6) D:9
 Shoals (0/4) Lair:3        Snake (0/4) Lair:2        Slime (0/5) Lair:5
    Orc: D:9-12

Altars:
Ashenzari
Cheibriados
Dithmenos
Elyvilon
Fedhas
Gozag
Hepliaklqana
Kikubaaqudgha
Makhleb
Nemelex Xobeh
Okawaru
Qazlal
Ru
Sif Muna
Trog
Uskayaw
Vehumet
Wu Jian
Xom
Yredelemnul
Zin
The Shining One

Shops:
D:4 =   D:7 (   D:11 =

Portals:
Trove: D:10 (give +3 gold dragon scales)

Annotations:
D:11 exclusion: obsidian statue
Lair:1 exclusion: oklob plant
Lair:5 3 runed translucent doors, exclusion: door
Lair:6 Rupert


Message History

The plant is engulfed in calcifying dust.
The plant turns to stone!
The plant is engulfed in calcifying dust.
The catoblepas completely misses you.
The plant is engulfed in calcifying dust.
The catoblepas gores you.
* * * LOW HITPOINT WARNING * * *
The plant is engulfed in calcifying dust.
The catoblepas breathes a plume of calcifying dust at you.
The blast of calcifying dust hits you but does no damage.
The plant is engulfed in calcifying dust.
The catoblepas gores you!
* * * LOW HITPOINT WARNING * * *
You flicker back into view.
The catoblepas gores you.
* * * LOW HITPOINT WARNING * * *
You turn to flesh and can move again.
Unknown command.
You feel better.
You are engulfed in calcifying dust.
The catoblepas gores you!
You die...

...............##
###.
............#...#
##
..#P#P.###.#..Y.#
# ..# ####
##.#.§## .(##
####§.# ...# #.##
..## ##.## ..P#
#..P## #.##
##.Y@# ##.#
#.#### ###
##....# #P...##
#...## #####


You could see a catoblepas.

Vanquished Creatures
  Gastronok (Lair:1)
  A dire elephant (Lair:4)
  2 hydras
  Harold (D:9)
  A two-headed ogre (D:11)
  9 death yaks
  Pikel (D:6)
  The ghost of Gargoyl the Chopper, a novice CeAK of Lugonu (D:6)
  2 ugly things (D:11)
  17 elephants (Lair:4)
  4 spiny frogs
  A black mamba (Lair:1)
  A rime drake (Lair:1)
  5 komodo dragons
  A polar bear (Lair:4)
  2 trolls
  A hornet (D:9)
  4 hippogriffs
  A snapping turtle (Lair:3)
  13 yaks
  A spriggan (Lair:4)
  2 hungry ghosts (D:11)
  2 wyverns
  Menkaure (D:5)
  2 soldier ants
  2 nagas (Lair:2)
  8 water moccasins
  Duvessa (D:6)
  An orc warrior (D:10)
  8 porcupines
  A black bear (D:3)
  A slave (D:5)
  A phantom (D:8)
  2 sky beasts
  A hornet zombie (D:9)
  An eye of draining (D:11)
  An ice beast (D:11)
  4 wolves (Lair:3)
  4 ogres
  9 crocodiles
  5 centaurs (D:11)
  A big kobold (D:7)
  22 bullfrogs
  A gnoll sergeant (D:10)
  Dowan (D:6)
  A wyvern skeleton (D:10)
  3 scorpions
  9 killer bees
  A water moccasin skeleton (D:10)
  9 wights
  2 howler monkeys
  2 electric eels (Lair:5)
  2 crimson imps
  2 quasits
  3 centaur skeletons
  2 hounds
  5 orc priests
  3 bullfrog zombies
  8 orc wizards
  A gnoll shaman (D:5)
  5 jellies
  2 iguanas
  Ijyb (D:5)
  Terence (D:2)
  5 worker ants
  2 hell rats (D:9)
  2 killer bee zombies
  3 hound zombies
  5 adders
  6 gnolls
  3 river rats (D:9)
  3 shadow imps
  4 oozes
  An adder skeleton (D:8)
  A worm (D:4)
  2 dart slugs
  7 leopard geckos
  25 orcs
  4 giant cockroaches
  5 goblins
  4 hobgoblins
  10 jackals
  18 kobolds
  7 quokkas
  A ball python skeleton (D:4)
  8 bats
  A frilled lizard (D:2)
  A leopard gecko skeleton (D:4)
  A quokka zombie (D:9)
  7 rats
  3 fungi
  2 plants
355 creatures vanquished.

Vanquished Creatures (collateral kills)
  A hydra (Lair:5)
1 creature vanquished.

Vanquished Creatures (others)
  5 fungi
  A plant (Lair:5)
6 creatures vanquished.

Grand Total: 362 creatures vanquished

Notes
Turn   | Place    | Note
-------+----------+-------------------------------------------
     0 | D:1      | Krouwed the Hill Orc Fighter began the quest for the Orb.
     0 | D:1      | Reached XP level 1. HP: 19/19 MP: 1/1
   280 | D:1      | Reached skill level 3 in Axes
   280 | D:1      | Reached XP level 2. HP: 26/27 MP: 2/2
   678 | D:1      | Reached XP level 3. HP: 33/33 MP: 3/3
   976 | D:2      | Noticed Terence
  1006 | D:2      | Killed Terence
  1006 | D:2      | Reached XP level 4. HP: 30/40 MP: 4/4
  1030 | D:2      | Found a hazy altar of Hepliaklqana.
  1180 | D:2      | Found an ornate altar of the Wu Jian Council.
  1183 | D:2      | Found a hide-covered altar of Uskayaw.
  1186 | D:2      | Found a deep blue altar of Sif Muna.
  1246 | D:2      | Found a blossoming altar of Fedhas.
  1248 | D:2      | Found a hazy altar of Hepliaklqana.
  1248 | D:2      | Found an ornate altar of the Wu Jian Council.
  1256 | D:2      | Found a snail-covered altar of Cheibriados.
  1256 | D:2      | Found a sacrificial altar of Ru.
  1256 | D:2      | Found a shimmering altar of Xom.
  1724 | D:3      | Noticed a black bear
  1742 | D:3      | Killed a black bear
  1742 | D:3      | Reached skill level 4 in Axes
  1742 | D:3      | Reached XP level 5. HP: 33/47 MP: 5/5
  1789 | D:3      | Reached XP level 6. HP: 4/55 MP: 6/6
  1790 | D:3      | Reached skill level 5 in Fighting
  1790 | D:3      | Reached skill level 5 in Axes
  2780 | D:4      | Reached XP level 7. HP: 15/61 MP: 7/7
  3019 | D:4      | Reached skill level 6 in Axes
  3019 | D:4      | Reached skill level 5 in Armour
  3043 | D:4      | HP: 3/61 [ogre/+0 giant club (24)]
  3163 | D:4      | Reached skill level 5 in Shields
  3636 | D:4      | Found a staircase to the Ecumenical Temple.
  3642 | Temple   | Entered the Ecumenical Temple
  3659 | Temple   | Became a worshipper of Makhleb the Destroyer
  3979 | D:4      | Found Pecsoso's Jewellery Shoppe.
  4095 | D:5      | Entered Level 5 of the Dungeon
  4105 | D:5      | Found a stormy altar of Qazlal.
  4208 | D:5      | Noticed Pikel
  4260 | D:6      | Noticed Duvessa
  4376 | D:6      | Reached skill level 7 in Axes
  4497 | D:6      | Reached XP level 8. HP: 48/70 MP: 8/8
  4651 | D:6      | Reached * piety under Makhleb
  4698 | D:6      | Reached skill level 8 in Axes
  4705 | D:6      | Found a white marble altar of Elyvilon.
  5271 | D:6      | Found a runed translucent gate.
  5271 | D:6      | Found a runed translucent gate.
  5272 | D:6      | Found a runed translucent gate.
  5272 | D:6      | Noticed Gargoyl's ghost (novice CeAK)
  5308 | D:6      | Killed Gargoyl's ghost
  5308 | D:6      | Reached skill level 9 in Axes
  5459 | D:5      | Noticed Menkaure
  5498 | D:6      | Reached XP level 9. HP: 78/78 MP: 9/9
  5557 | D:6      | Killed Duvessa
  5561 | D:6      | Noticed Dowan
  5574 | D:6      | Killed Dowan
  5759 | D:6      | Killed Pikel
  5759 | D:6      | Reached skill level 10 in Axes
  5794 | D:5      | Killed Menkaure
  5938 | D:5      | Noticed Ijyb
  5965 | D:5      | Killed Ijyb
  6986 | D:7      | Reached ** piety under Makhleb
  7067 | D:7      | Found Moseny's Weapon Emporium.
  7128 | D:7      | Found an ancient bone altar of Kikubaaqudgha.
  7147 | D:7      | Reached skill level 11 in Axes
  7442 | D:8      | Reached XP level 10. HP: 88/88 MP: 10/10
  7614 | D:8      | Found a shattered altar of Ashenzari.
  7836 | D:9      | Found a staircase to the Lair.
  7836 | D:9      | Noticed a death yak
  7839 | D:9      | Noticed a death yak
  8154 | D:9      | Noticed a death yak
  8176 | D:9      | Killed a death yak
  8176 | D:9      | Reached skill level 12 in Axes
  8523 | D:9      | Noticed Harold
  8539 | D:9      | Killed Harold
  8584 | D:9      | Killed a death yak
  8584 | D:9      | Reached skill level 13 in Axes
  8651 | D:9      | Killed a death yak
  8651 | D:9      | Reached XP level 11. HP: 62/99 MP: 11/11
  9127 | Lair:1   | Entered Level 1 of the Lair of Beasts
  9196 | Lair:1   | Noticed Gastronok
  9434 | Lair:1   | Killed Gastronok
  9434 | Lair:1   | Reached skill level 10 in Fighting
  9434 | Lair:1   | Reached skill level 14 in Axes
  9665 | Lair:1   | Noticed a four-headed hydra
  9683 | Lair:1   | Killed a four-headed hydra
  9683 | Lair:1   | Reached skill level 1 in Invocations
 10553 | Lair:1   | Identified the Catalogue of Displaced Malediction
 10631 | Lair:1   | Noticed an oklob plant
 10983 | D:10     | Entered Level 10 of the Dungeon
 10983 | D:10     | Found a glowing silver altar of Zin.
 11083 | D:10     | Reached *** piety under Makhleb
 11095 | D:10     | Found a blossoming altar of Fedhas.
 11120 | D:10     | Found a portal to a secret trove of treasure.
 11435 | D:10     | Reached skill level 10 in Shields
 11435 | D:10     | Reached XP level 12. HP: 108/108 MP: 14/14
 11436 | D:10     | Reached skill level 10 in Armour
 11616 | D:10     | Found a glowing golden altar of the Shining One.
 11621 | D:10     | Found the +7 pair of quick blades "Gyre" and "Gimble"
                  | {protect}
 12381 | D:11     | Found Boniuru's Jewellery Shop.
 12390 | D:11     | Bought an uncursed ring of poison resistance for 220 gold
                  | pieces
 12549 | D:11     | Noticed a two-headed ogre
 12572 | D:11     | Killed a two-headed ogre
 12582 | D:11     | Reached skill level 5 in Invocations
 12609 | D:11     | Got a brightly glowing scale mail
 12620 | D:11     | Identified the +1 scale mail "Cotifebba" {Slay+3} (You
                  | found it on level 11 of the Dungeon)
 12917 | Lair:2   | Reached **** piety under Makhleb
 12921 | Lair:2   | Reached skill level 15 in Axes
 13004 | Lair:2   | Found a staircase to the Snake Pit.
 13253 | Lair:2   | Noticed a six-headed hydra
 13258 | Lair:2   | Killed a six-headed hydra
 13683 | Lair:3   | Found a staircase to the Shoals.
 14309 | Lair:4   | Reached XP level 13. HP: 117/117 MP: 18/18
 14430 | Lair:4   | Upgraded the game from 0.24-a0-443-g80245de385 to
                  | 0.24-a0-445-gd5110b030a
 14610 | Lair:4   | Reached ***** piety under Makhleb
 14654 | Lair:4   | Noticed a dire elephant
 14688 | Lair:4   | Killed a dire elephant
 15154 | Lair:5   | Found a runed translucent gate.
 15155 | Lair:5   | Found a runed translucent gate.
 15156 | Lair:5   | Found a runed translucent gate.
 15375 | Lair:5   | Reached skill level 16 in Axes
 15729 | Lair:5   | Found a staircase to the Slime Pits.
 16400 | Lair:6   | Entered Level 6 of the Lair of Beasts
 16400 | Lair:6   | Noticed Rupert
 16551 | Lair:5   | HP: 5/119 [catoblepas (1)]
 16552 | Lair:5   | Slain by a catoblepas

Levels and vault maps discovered:
D:1:      lightli_molten_gateway, layout_basic
D:2:      layout_rooms, marbit_many_paths, doesnt_xom_only_xom,
          grunt_temple_overflow_diamond, uniq_terence
D:3:      layout_loops_ring
D:4:      layout_cave_pools, minmay_temple_entry_fiery, first_ration,
          serial_shops, nicolae_shop_waterfront
D:5:      layout_rooms, lemuel_round_altar, chequers_serial_rivers_marsh,
          uniq_pikel, uniq_menkaure, uniq_ijyb
D:6:      layout_loops_ring, lemuel_doored_altar, ebering_ghost_rock_garden,
          uniq_duvessa
D:7:      lemuel_upstairs_altar, layout_loops_cross, lemuel_crystal_altar,
          serial_shops, shop_fountains
D:8:      layout_rooms, ashenzari_conservatory_becter, minmay_misc_feat_chi
D:9:      layout_loops_ring, dpeg_lair_monsters, hangedman_pestilent_swarm,
          uniq_harold
D:10:     layout_gridville, enter_trove_0, hangedman_feature_mirror,
          fedhas_altar_2
D:11:     layout_gridville, serial_shops, shop, minmay_statue_bubble
Temple:   nicolae_temple_figure_eight
Lair:1:   layout_chaotic_city, grunt_megastairs_4, minmay_lair_oklob_chamber,
          serial_bayou_shore_b, infiniplex_staircase_pool, uniq_gastronok
Lair:2:   layout_gridlike, guppyfry_snake_entry_island
Lair:3:   layout_big_grid, minmay_shoals_entry_hut
Lair:4:   mu_elephants_graveyard, layout_misc_corridors, minivault_27
Lair:5:   layout_layer_cave, nicolae_slime_entry_slimehenge,
          gammafunk_ghost_necromancy, serial_bayou_shore_a,
          infiniplex_staircase_pool_2
Lair:6:   cheibrodos_lair_end_hotspot, layout_big_grid, uniq_rupert

Skill      XL: |  1  2  3  4  5  6  7  8  9 10 11 12 13 |
---------------+----------------------------------------+-----
Axes           | 3 4 5 7 9 11 13 14 15 16 | 16.0
Fighting       | 4 5 6 8 9 10 11 12 | 12.8
Armour         | 4 5 6 7 8 9 11 | 11.9
Shields        | 4 5 6 7 9 10 11 | 11.9
Invocations    | 3 6 9 |  9.1

Action                   |  1- 3 |  4- 6 |  7- 9 | 10-12 | 13-15 || total
-------------------------+-------+-------+-------+-------+-------++-------
Melee: War axe           |   124 |   129 |   163 |       |       ||   416
       Hand axe          |       |       |   264 |   863 |   281 ||  1408
       Mace              |       |       |       |     9 |       ||     9
Throw: Throwing net      |       |       |     3 |       |       ||     3
       Dart              |       |       |    17 |    48 |    13 ||    78
Invok: Minor Destruction |       |       |       |     5 |       ||     5
       Major Destruction |       |       |       |       |     2 ||     2
       Greater Servant o |       |       |       |       |     1 ||     1
Evoke: Wand              |       |       |     5 |    21 |     2 ||    28
       Lightning rod     |       |       |       |       |     4 ||     4
       Phantom mirror    |       |       |       |       |     1 ||     1
  Use: Potion            |       |     1 |     1 |     2 |     7 ||    11
       Scroll            |       |       |    11 |     6 |     1 ||    18
  Eat: Chunk             |       |     6 |     9 |    22 |     7 ||    44
       Ration            |       |       |     2 |     2 |       ||     4
Armor: Scale mail        |    65 |       |       |    49 |    96 ||   210
       Chain mail        |       |    81 |   185 |   206 |       ||   472
Dodge: Dodged            |    33 |    37 |    71 |   108 |    47 ||   296
Block: Shield            |    62 |    82 |   197 |   332 |       ||   673
       Large shield      |       |       |       |    31 |   196 ||   227

Table legend:
 A = Non-vault XP
 B = Vault XP
 C = Vault XP percentage of total XP
 D = Non-vault monster count
 E = Vault monster count
 F = Vault count percentage of total count
                 A         B        C        D         E       F
            +---------+---------+-------+---------+---------+-------
      Total |   31027 |   18826 |  37.8 |     295 |      55 |  15.7
            +---------+---------+-------+---------+---------+-------
        D:1 |      41 |       0 |   0.0 |      22 |       0 |   0.0
        D:2 |      49 |      38 |  43.7 |      19 |       2 |   9.5
        D:3 |     337 |       0 |   0.0 |      20 |       0 |   0.0
        D:4 |     339 |       0 |   0.0 |      20 |       0 |   0.0
        D:5 |     304 |     205 |  40.3 |      18 |       2 |  10.0
        D:6 |     971 |    1518 |  61.0 |      26 |       4 |  13.3
        D:7 |     592 |       0 |   0.0 |      16 |       0 |   0.0
        D:8 |     935 |       0 |   0.0 |      14 |       0 |   0.0
        D:9 |     671 |    4344 |  86.6 |      13 |      16 |  55.2
       D:10 |    2000 |      40 |   2.0 |      29 |       1 |   3.3
       D:11 |    4629 |       0 |   0.0 |      21 |       0 |   0.0
     Lair:1 |    3887 |    2455 |  38.7 |      15 |       3 |  16.7
     Lair:2 |    5093 |     326 |   6.0 |      22 |       2 |   8.3
     Lair:3 |    1847 |     259 |  12.3 |      11 |       1 |   8.3
     Lair:4 |    1122 |    9496 |  89.4 |       7 |      19 |  73.1
     Lair:5 |    8210 |     145 |   1.7 |      22 |       5 |  18.5
            +---------+---------+-------+---------+---------+-------
